 Dungeon Crawl Stone Soup version 0.25-a0-949-gdd2af9e06e (webtiles) character file.

Game seed: 872105696281454423, levelgen mode: deterministic

63 Flugslaktarn the Covered (level 3, -2/34 HPs)
             Began as a Deep Dwarf Fighter on May 8, 2020.
             Killed by divine providence
             ... invoked by an orc priest
              (12 damage)
             ... on level 4 of the Dungeon.
             The game lasted 00:00:21 (449 turns).

Flugslaktarn the Covered (Deep Dwarf Fighter)        Turns: 449, Time: 00:00:21

Health: -2/34      AC:  8    Str: 20    XL:     3   Next: 89%
Magic:  3/3        EV:  7    Int:  8    God:
Gold:   67         SH:  9    Dex: 12    Spells: 2/2 levels left

rFire    . . .     SeeInvis .   a - +0 war axe
rCold    . . .     Gourm    .   c - +0 kite shield
rNeg     . . .     Faith    .   b - +0 scale mail
rPois    .         Spirit   .   (no helmet)
rElec    .         Reflect  .   h - +0 cloak
rCorr    .         Harm     .   (no gloves)
MR       .....                  (no boots)
Stlth    ..........             (no amulet)
HPRegen  0.00/turn              (no ring)
MPRegen  0.08/turn              (no ring)

@: non-regenerating
A: damage resistance, heal wounds, sense surroundings 1, no regeneration
a: Heal Wounds


You were on level 4 of the Dungeon.
You were not hungry.

You visited 1 branch of the dungeon, and saw 4 of its levels.

You collected 67 gold pieces.

Inventory:

Hand Weapons
 a - a +0 war axe (weapon)
Missiles
 f - a throwing net (quivered)
Armour
 b - a +0 scale mail (worn)
 c - a +0 kite shield (worn)
 h - a +0 cloak (worn)
   (You found it on level 4 of the Dungeon)
Scrolls
 g - a scroll of enchant armour {unknown}
 i - a scroll of teleportation {unknown}
Potions
 d - a potion of might
 k - a potion of flight {unknown}
Comestibles
 e - a ration
 j - a chunk of flesh


   Skills:
 + Level 3.1 Fighting
 * Level 3.4 Axes
 + Level 3.7 Armour
 + Level 3.7 Shields


You had 2 spell levels left.
You didn't know any spells.
Your spell library was empty.

Dungeon Overview and Level Annotations

Branches:
Dungeon (4/15)
 Temple: D:4-7

Altars:


Innate Abilities, Weirdness & Mutations

You are resistant to damage.
You can heal yourself by infusing magical energy.
You passively map a small area around you.
You do not regenerate.


Message History

The orc priest is almost dead.
The orc priest invokes the aid of Beogh against you.
Beogh smites you! The orc priest barely misses you.
You closely miss the orc priest.
The orc priest is almost dead.
The orc priest casts a cantrip, but nothing happens.
You barely miss the orc priest.
The orc priest is almost dead.
The orc priest hits you but does no damage.
You closely miss the orc priest.
The orc priest is almost dead.
The orc priest invokes the aid of Beogh against you.
Beogh smites you!
* * * LOW HITPOINT WARNING * * *
You block the orc priest's attack.
You are too injured to fight recklessly!
You fail to use your ability.
The orc priest mumbles some strange prayers to Beogh against you.
Beogh smites you!
You die...

, ,, * *## , ### ,
. ,, #^.* *, *###.
.>. * ,
....#####.#** * .
#?......# * .. * ,
######### #.#..,
#.......####o....#
*** #.#####...@oo#,
, ##.# #.######, ,
#..# ### , *
##.######## *
#..#......##### ,
.####.##.####.#...#
* * .........#
#...#.# .###.#####
#.#.#.# # ,,... ,
#####.#.#.# #


You could see an orc priest and 2 orcs.

Vanquished Creatures
  An orc wizard (D:4)
  2 adders
  An adder skeleton (D:4)
  A dart slug (D:2)
  2 orcs (D:4)
  A goblin (D:1)
  2 jackals (D:4)
  A kobold (D:1)
  2 rats (D:1)
13 creatures vanquished.

Notes
Turn   | Place    | Note
-------+----------+-------------------------------------------
     0 | D:1      | Flugslaktarn the Deep Dwarf Fighter began the quest for the
                  | Orb.
     0 | D:1      | Reached XP level 1. HP: 20/20 MP: 1/1
   130 | D:3      | Reached XP level 2. HP: 25/27 MP: 2/2
   295 | D:4      | Reached XP level 3. HP: 25/33 MP: 3/3
   449 | D:4      | Killed from afar by an orc priest

Levels and vault maps discovered:
D:1:      sevenhm_arrival_forest_fort_small_5, layout_basic
D:2:      minmay_thinvault, layout_loops_corners, first_ration,
          dk_noncrumbling_4, minmay_misc_feat_chi
D:3:      layout_basic, gammafunk_temple_overflow_forgotten,
          chequers_ecumenical_altar_simple, minmay_increasing_density
D:4:      layout_loops_cross, serial_co_window_serial, co_window_corner_a,
          co_window_corner_a, co_window_paths_a, co_window_corner_a,
          co_window_paths_a, co_window_paths_a, co_window_of_opportunity_c,
          co_window_cross_4, co_window_unsneaky_path_d, co_window_2corner,
          glass_columns_a

Skill      XL: |  1  2  3 |
---------------+----------+-----
Axes           | 3 |  3.4
Fighting       | 3 |  3.1
Armour         | |  3.7
Shields        | |  3.7

Action                   || total
-------------------------++-------
Melee: War axe           ||    45
 Abil: Heal Wounds       ||     1
Armor: Scale mail        ||    19
Dodge: Dodged            ||     9
Block: Kite shield       ||    18

Table legend:
 A = Non-vault XP
 B = Vault XP
 C = Vault XP percentage of total XP
 D = Non-vault monster count
 E = Vault monster count
 F = Vault count percentage of total count
                 A         B        C        D         E       F
            +---------+---------+-------+---------+---------+-------
      Total |      91 |       0 |   0.0 |      13 |       0 |   0.0
            +---------+---------+-------+---------+---------+-------
        D:1 |       5 |       0 |   0.0 |       4 |       0 |   0.0
        D:2 |       4 |       0 |   0.0 |       1 |       0 |   0.0
        D:3 |      14 |       0 |   0.0 |       1 |       0 |   0.0
        D:4 |      68 |       0 |   0.0 |       7 |       0 |   0.0
            +---------+---------+-------+---------+---------+-------
